 Dungeon Crawl Stone Soup version 0.31-a0-496-g6f97920a28 (webtiles) character file.

Game seed: 5244364022382492351

10892 jasper the Grappler (level 11, -2/89 HPs)
             Began as a Demonspawn Cinder Acolyte on Aug 8, 2023.
             Was an Initiate of Ignis.
             Slain by a troll (11 damage)
             ... on level 11 of the Dungeon.
             The game lasted 00:21:45 (13491 turns).

jasper the Grappler (Demonspawn Cinder Acolyte)    Turns: 13491, Time: 00:21:45

Health: -2/89      AC: 11    Str: 26    XL:     11   Next: 42%
Magic:  12/12      EV:  9    Int: 16    God:    Ignis [......]
Gold:   631        SH:  7    Dex: 13    Spells: 7/12 levels left

rFire   + +          .
                       - Unarmed
rCold   . . .        p - +2 buckler {rPois}
rNeg    . . .        F - +0 plate armour
rPois   +            (helmet restricted)
rElec   .            i - +0 cloak
rCorr   .            (no gloves)
SInv    .            (no boots)
Will    .....        (no amulet) Stlth
                     n - +6 ring of strength
HPRegen 0.34/turn    u - ring "Ussoeb" {rF+ Str+6}
MPRegen 0.26/turn

%: no passive effects
@: no status effects
A: antennae 2, demonic guardian 2, magic regeneration, demonic touch 2
a: Renounce Religion


You were on level 11 of the Dungeon.
You worshipped Ignis.
Ignis was noncommittal.
You visited 3 branches of the dungeon, and saw 13 of its levels.
You also visited: Bailey.

You collected 631 gold pieces.

Inventory:

Hand Weapons
 a - a +0 spear of flaming
 j - a +0 trident of venom
Missiles
 m - 64 poisoned darts
 x - 2 curare-tipped darts
 z - 2 datura-tipped darts
Armour
 b - a +0 robe
 d - a +0 ring mail
 h - a +0 scale mail
 i - a +0 cloak (worn)
 o - the +0 leather armour of Yredelemnul's Approval {Contam Will+++ Int+4}
   (You took it off an orc on level 3 of the Dungeon)

   Int:       It affects your intelligence (+4).
   Contam:    It causes magical contamination when unequipped.
   Will:      It greatly increases your willpower.
 p - a +2 buckler of poison resistance (worn)
 s - a +0 kite shield
 F - a +0 plate armour (worn)
Jewellery
 n - a +6 ring of strength (left hand)
 u - the ring "Ussoeb" (right hand) {rF+ Str+6}
   (You found it on level 6 of the Dungeon)

   [ring of protection from fire]

   Str:       It affects your strength (+6).
   rF:        It protects you from fire.
 O - a ring of magical power
Wands
 q - a wand of paralysis (4)
 J - a wand of flame (10)
 K - a wand of quicksilver (3)
Scrolls
 y - 2 scrolls of teleportation
 E - a scroll of revelation
 G - a scroll of poison
 H - a scroll of amnesia
 I - a scroll of enchant weapon
 L - a scroll of vulnerability
 N - a scroll of immolation
Potions
 c - 7 potions of curing
 e - 2 potions of enlightenment
 f - a potion of attraction
 g - 4 potions of invisibility
 k - 4 potions of mutation
 l - a potion of brilliance
 r - 4 potions of haste
 t - 2 potions of degeneration
 v - a potion of ambrosia {unknown}
 w - a potion of lignification {unknown}
 A - 6 potions of cancellation {unknown}
 B - 4 potions of might {unknown}
 C - 2 potions of magic {unknown}
 D - a potion of experience {unknown}
 M - a potion of heal wounds {unknown}


   Skills:
 + Level 9.5 Fighting
 - Level 2.6 Polearms
 - Level 0.6 Armour
 + Level 8.0 Dodging
 - Level 4.1 Shields
 * Level 11.3 Unarmed Combat
 - Level 1.0 Spellcasting
 - Level 2.6 Fire Magic


You had 7 spell levels left.
You knew the following spells:

 Your Spells              Type           Power      Damage    Failure   Level
a - Apportation           Tloc           0%         N/A       99%         1
b - Blink                 Tloc           0%         N/A       100%        2
c - Wereblood             Tmut           0%         N/A       100%        2

Your spell library contained the following spells:

 Spells                   Type           Power      Damage    Failure   Level
 Scorch                   Fire           18%        2d5       93%         2
 Necrotise                Necr           0%         1d4       99%         1
 Summon Small Mammal      Summ           0%         N/A       99%         1
 Cigotuvi's Dreadful Rot  Necr/Pois/Air  0%         N/A       100%        2
 Ensorcelled Hibernation  Hex/Ice        0%         N/A       100%        2
 Lesser Beckoning         Tloc           0%         N/A       100%        2
 Momentum Strike          Conj/Tloc      0%         3d8       100%        2
 Passwall                 Tmut/Erth      0%         N/A       100%        2
 Poisonous Vapours        Pois/Air       0%         N/A       100%        2
 Sublimation of Blood     Necr           0%         N/A       100%        2
 Call Canine Familiar     Summ           0%         N/A       100%        3
 Ignite Poison            Fire/Tmut/Pois 3%         N/A       100%        3
 Mephitic Cloud           Conj/Pois/Air  0%         N/A       100%        3
 Summon Guardian Golem    Hex/Summ       0%         N/A       100%        3
 Swiftness                Air            0%         N/A       100%        3
 Vampiric Draining        Necr           0%         2d6       100%        3
 Agony                    Necr           0%         N/A       100%        5
 Freezing Cloud           Conj/Ice/Air   0%         6-21      100%        5
 Summon Hydra             Summ           0%         N/A       100%        7


Dungeon Overview and Level Annotations

Branches:
Dungeon (11/15)            Temple (1/1) D:6            Lair (0/5) D:11
    Orc (1/2) D:9          Bailey (visited)

Altars:
Ashenzari
Cheibriados
Dithmenos
Fedhas
Gozag
Hepliaklqana
Kikubaaqudgha
Makhleb
Nemelex Xobeh
Okawaru
Qazlal
Ru
Sif Muna
Trog
Uskayaw
Vehumet
Wu Jian
Xom
Yredelemnul

Shops:
D:9 [

Annotations:
D:11 Snorg
Orc:1 Harold


Innate Abilities, Weirdness & Mutations

You have a pair of antennae on your head.
A demonic guardian rushes to your aid.
You regenerate magic rapidly.
Your touch may inflict irresistible damage on your foes.


Message History

A troll comes into view.
The troll shouts!
A shadow comes into view.
The shadow slips into darkness.
The shadow flickers and vanishes!
Deactivating autopickup; reactivate with Ctrl-A.
The troll bites you! The troll claws you but does no damage.
The troll closely misses you.
Snorg the Insatiable comes into view.
You take 8 damage, and have 81/89 hp.
Snorg shouts!
You punch the troll!
The troll is lightly wounded.
The troll bites you but does no damage. The troll claws you but does no damage.
You block the troll's attack.
You punch the troll!
The troll is heavily wounded.
The troll bites you! The troll claws you! x2
You take 26 damage, and have 55/89 hp.
MASSIVE DAMAGE!!
You completely miss the troll.
The troll is heavily wounded.
The troll bites you but does no damage. The troll barely misses you.
You block the troll's attack.
You hit the troll.
The troll is heavily wounded.
The shadow strikes at you from the darkness!
Reactivating autopickup.
The troll bites you! The troll claws you! You block the troll's attack.
You take 22 damage, and have 33/89 hp.
MASSIVE DAMAGE!!
The shadow slips into darkness.
The shadow flickers and vanishes!
Deactivating autopickup; reactivate with Ctrl-A.
The troll attacks as you move away! The troll bites you.
The troll barely misses you. You block the troll's attack.
You take 2 damage, and have 32/89 hp.
The shadow strikes at you from the darkness!
* * * LOW HITPOINT WARNING * * *
Reactivating autopickup.
The troll bites you!
You die...

........................# ###
###........####.........##....
....(.........................
..#.#)##.#....#.......^.##....
.##.#.##.#.##.#...............
....#.##.#.##.#.####........~~
......##......#.# #.....~~≈~≈
......##........####...≈~~≈≈≈≈
.....###........@W.....~≈≈≈≈≈≈
.....## ........T.....~≈≈≈≈≈≈
.....># #.#......[....#≈≈≈≈≈≈
).....# .......T......#≈≈≈≈≈≈
.............##.$.....####≈≈≈≈
..:..#....... #.......# ~~≈~
.....#...).. #.......# ...
#####...... #........ ##....
..........


You could see Snorg, a troll and a shadow.

Vanquished Creatures
  3 two-headed ogres
  Pikel (D:8)
  An orc knight (Bailey)
  A cyclops (D:11)
  Maurice (D:11)
  An unseen horror (D:10)
  2 kobold demonologists (D:7)
  2 trolls (D:10)
  A hornet (D:9)
  A wraith (D:9)
  Sigmund (D:3)
  A shadow (D:10)
  A vampire (D:10)
  A wyvern (D:9)
  3 vampire mosquitoes (D:10)
  2 steam dragons (D:9)
  3 water moccasins
  5 orc warriors
  A sky beast (D:8)
  2 black bears (D:5)
  An ogre (D:6)
  4 centaurs
  2 phantoms (D:5)
  4 lemures (D:8)
  4 kobold brigands
  4 bullfrogs
  A gnoll sergeant (D:5)
  6 scorpions
  6 wights
  A howler monkey (D:5)
  A jelly (D:4)
  4 orc priests
  3 hounds
  Crazy Yiuf (D:2)
  A gnoll bouda (D:9)
  A sleepcap (D:6)
  7 iguanas
  5 orc wizards
  18 gnolls
  6 adders
  A white imp (D:6)
  An ufetubus (D:7)
  2 worms
  5 dart slugs
  43 orcs
  9 endoplasms
  3 giant cockroaches
  5 goblins
  6 hobgoblins
  7 quokkas
  7 ball pythons
  6 bats
  2 frilled lizards (D:1)
  29 kobolds
  2 quokka zombies (D:6)
  9 rats
  A spectral kobold (D:3)
252 creatures vanquished.

Vanquished Creatures (collateral kills)
  A vampire mosquito (D:10)
  A water moccasin (D:6)
  An orc warrior (D:6)
  2 kobold brigands
  4 wights
  An orc priest (D:6)
  A sleepcap (D:5)
  A gnoll (Bailey)
  A white imp (D:5)
  6 orcs
  12 kobolds
31 creatures vanquished.

Grand Total: 283 creatures vanquished

Notes
Turn   | Place    | Note
-------+----------+-------------------------------------------
     0 | D:1      | jasper the Demonspawn Cinder Acolyte began the quest for
                  | the Orb.
     0 | D:1      | Reached XP level 1. HP: 18/18 MP: 2/2
   230 | D:1      | Discovered your monstrous ancestry.
   230 | D:1      | Gained mutation: You have a pair of small antennae on your
                  | head. [demonic ancestry]
   230 | D:1      | Reached XP level 2. HP: 20/24 MP: 3/3
   401 | D:1      | Reached skill level 1 in Dodging
   406 | D:1      | Reached skill level 1 in Unarmed Combat
   499 | D:1      | Gained mutation: Your touch may inflict minor irresistible
                  | damage on your foes. [demonic ancestry]
   499 | D:1      | Reached XP level 3. HP: 27/29 MP: 4/4
   922 | D:2      | Gained mutation: Your touch may inflict irresistible damage
                  | on your foes. [demonic ancestry]
   922 | D:2      | Reached XP level 4. HP: 29/35 MP: 5/5
   956 | D:2      | Reached skill level 2 in Unarmed Combat
  1167 | D:2      | Found a runed translucent door.
  1168 | D:2      | Noticed Crazy Yiuf
  1657 | D:2      | Killed Crazy Yiuf
  1936 | D:3      | Noticed Sigmund
  1956 | D:3      | Killed Sigmund
  1957 | D:3      | Reached skill level 3 in Unarmed Combat
  1957 | D:3      | Gained mutation: You regenerate magic rapidly. [demonic
                  | ancestry]
  1957 | D:3      | Reached XP level 5. HP: 30/42 MP: 6/6
  1957 | D:3      | Reached XP level 6. HP: 34/48 MP: 7/7
  2175 | D:3      | Identified the +0 leather armour of Yredelemnul's Approval
                  | {Contam Will+++ Int+4}
  2238 | D:3      | Found a faded altar of an unknown god.
  2348 | D:3      | You fall into a shaft and drop 1 floor!
  2411 | D:4      | Identified the +8 dagger of Dishonour {venom, +Blink rC+++
                  | rN+++ Str-5}
  2938 | D:4      | Reached skill level 4 in Unarmed Combat
  2990 | D:4      | Found a sparkling altar of Nemelex Xobeh.
  3567 | D:4      | Gained mutation: A weak demonic guardian rushes to your
                  | aid. [demonic ancestry]
  3567 | D:4      | Reached XP level 7. HP: 48/55 MP: 8/8
  3748 | D:5      | Entered Level 5 of the Dungeon
  3816 | D:5      | Reached skill level 5 in Fighting
  4107 | D:5      | Reached skill level 5 in Unarmed Combat
  4113 | D:5      | Learned a level 1 spell: Apportation
  4116 | D:5      | Learned a level 2 spell: Blink
  4119 | D:5      | Learned a level 2 spell: Wereblood
  4306 | D:5      | Gained mutation: A demonic guardian rushes to your aid.
                  | [demonic ancestry]
  4306 | D:5      | Reached XP level 8. HP: 60/63 MP: 9/9
  4817 | D:5      | Reached skill level 6 in Unarmed Combat
  5033 | D:5      | Reached skill level 1 in Shields
  5177 | D:5      | Found a bloodstained altar of Trog.
  5178 | D:5      | Found a hazy altar of Hepliaklqana.
  5180 | D:5      | Found an ornate altar of the Wu Jian Council.
  5941 | D:6      | Reached skill level 7 in Unarmed Combat
  6002 | D:6      | Found a staircase to the Ecumenical Temple.
  6021 | D:6      | Reached skill level 5 in Dodging
  6046 | D:6      | Reached XP level 9. HP: 52/71 MP: 10/10
  6328 | D:6      | Found an ancient bone altar of Kikubaaqudgha.
  6568 | D:6      | Identified the ring "Ussoeb" {rF+ Str+6}
  6628 | Temple   | Entered the Ecumenical Temple
  6685 | D:7      | Noticed a kobold demonologist
  6693 | D:7      | Noticed a kobold demonologist
  6695 | D:7      | Killed a kobold demonologist
  6699 | D:7      | Killed a kobold demonologist
  6781 | D:7      | Reached skill level 8 in Unarmed Combat
  8028 | D:8      | Found a basalt altar of Yredelemnul.
  8045 | D:8      | Noticed a two-headed ogre
  8057 | D:8      | Killed a two-headed ogre
  8058 | D:8      | Reached XP level 10. HP: 52/80 MP: 11/11
  8121 | D:8      | Found a flagged portal.
  8130 | Bailey   | Entered a bailey
  8457 | Bailey   | Noticed an orc knight
  8469 | Bailey   | Killed an orc knight
  8470 | Bailey   | Reached skill level 9 in Unarmed Combat
  8471 | Bailey   | HP: 4/80 [gnoll/+2 halberd of draining (12)]
  9285 | D:8      | Noticed Pikel
  9307 | D:8      | Killed Pikel
  9675 | D:9      | Found a staircase to the Orcish Mines.
 10286 | D:9      | Noticed a two-headed ogre
 10297 | D:9      | Killed a two-headed ogre
 10298 | D:9      | Reached skill level 10 in Unarmed Combat
 10520 | D:9      | Found Tept's Armour Shoppe.
 11464 | D:10     | Entered Level 10 of the Dungeon
 11518 | D:10     | Gained mutation: You have a pair of antennae on your head.
                  | [demonic ancestry]
 11518 | D:10     | Reached XP level 11. HP: 87/87 MP: 12/12
 12381 | Orc:1    | Entered Level 1 of the Orcish Mines
 12402 | Orc:1    | Noticed an orc sorcerer
 12403 | Orc:1    | Noticed Harold
 13116 | D:11     | Noticed a two-headed ogre
 13117 | D:11     | Found a staircase to the Lair.
 13126 | D:11     | Killed a two-headed ogre
 13127 | D:11     | Reached skill level 11 in Unarmed Combat
 13225 | D:11     | Noticed Maurice
 13234 | D:11     | Paralysed by something for 3 turns
 13245 | D:11     | Killed Maurice
 13484 | D:11     | Noticed Snorg
 13491 | D:11     | Slain by a troll

Illustrated notes

Levels and vault maps discovered:
D:1:      erik_arrival_cave_to_civilisation [erik_arrival_cave_to_hall],
          layout_rooms, minmay_close_crescents
D:2:      layout_loops_ring, minmay_pentomino_v2, uniq_crazy_yiuf_cottage
D:3:      wander_river, layout_loops_cross,
          dreamdust_ecumenical_altar_drowned_temple, uniq_sigmund
D:4:      layout_basic, nemelex_spade_bored_becter
D:5:      kennysheep_six_static_rooms, layout_loops_ring, minitemple,
          grunt_ministairs_10
D:6:      layout_basic, grunt_temple_overflow_open, minmay_temple_entry_ruins,
          enter_ossuary_4, feat_on_display
D:7:      kennysheep_kobold_camp, layout_basic
D:8:      layout_rooms, mainiacjoe_overflow_brackets, enter_bailey_2,
          kennysheep_potato, uniq_pikel
D:9:      layout_basic, orc_0_dummy, serial_co_window_serial,
          co_window_corner_a, co_window_paths_a, co_window_corner_a,
          co_window_paths_b, co_window_paths_a, co_window_unsneaky_path_b,
          co_window_corner_ca, co_window_unsneaky_path_c, co_window_corner_b,
          co_window_paths_c, glass_columns_b, serial_shops,
          nicolae_shop_pleasant_corner_grove, st_stairs_14
D:10:     layout_long_grid
D:11:     cheibrodos_statue_roulette, layout_basic, trove_entry_hex_spiral,
          portal_ice_cave_demonic_guard, uniq_maurice, uniq_snorg
Temple:   regret_index_temple_waves
Orc:1:    layout_caves, ebering_ghost_gozag, mines2_david, uniq_harold

Skill      XL: |  1  2  3  4  5  6  7  8  9 10 11 |
---------------+----------------------------------+-----
Dodging        | 1 2 3 4 5 6 7 8 |  8.0
Unarmed Combat | 1 3 4 5 7 8 10 11 | 11.3
Fighting       | 4 5 6 7 8 9 |  9.5
Shields        | 2 4 |  4.1
Polearms       | |  2.6
Armour         | |  0.6
Spellcasting   | |  1.0
Fire Magic     | |  2.6

Action                     |  1- 3 |  4- 6 |  7- 9 | 10-12 || total
---------------------------+-------+-------+-------+-------++-------
  Melee: Spear             |    90 |       |       |       ||    90
         Punch             |     3 |     3 |     4 |       ||    10
         Unarmed           |    45 |   147 |   323 |   409 ||   924
         Touch             |     5 |    36 |    13 |       ||    54
  Throw: Dart              |       |       |     6 |       ||     6
         Throwing net      |       |       |       |     1 ||     1
 Invoke: Fiery Armour      |     2 |     4 |     6 |       ||    12
         Rising Flame      |       |       |       |     1 ||     1
  Evoke: Wand              |       |       |    15 |     6 ||    21
    Use: Scroll            |     1 |    10 |     6 |     5 ||    22
         Potion            |       |       |       |     2 ||     2
   Stab: Held in net/web   |       |       |       |     1 ||     1
 Armour: Robe              |     6 |       |       |       ||     6
         Ring mail         |    54 |    50 |    53 |       ||   157
         Scale mail        |       |       |    38 |    38 ||    76
         Plate armour      |       |       |       |    89 ||    89
  Dodge: Dodged            |    85 |    59 |   139 |   191 ||   474
  Block: Buckler           |       |       |    91 |   150 ||   241

Table legend: (Time is in decaauts)
 A = Elapsed time spent in this place.
 B = Non-inter-level travel time spent in this place.
 C = Inter-level travel time spent in this place.
 D = Time resting spent in this place.
 E = Time spent auto-exploring this place.
 F = Levels seen in this place.
 G = Mean time per level.
                   A        B        C        D        E       F      G
               +--------+--------+--------+--------+--------+-----+--------+
         Total |  13387 |  12912 |    475 |    531 |  10129 |  14 |  956.2 |
       Dungeon |  12584 |  12109 |    475 |    516 |   9489 |  11 | 1144.0 |
        Temple |      1 |      1 |      0 |      0 |      0 |   1 |    1.0 |
  Orcish Mines |     30 |     30 |      0 |      0 |      4 |   1 |   30.0 |
        Bailey |    771 |    771 |      0 |     15 |    636 |   1 |  771.0 |
               +--------+--------+--------+--------+--------+-----+--------+

Top non-repeatable levels by time:
     D:9: 2128 daAuts
     D:5: 1511 daAuts
     D:6: 1366 daAuts
     D:7: 1360 daAuts
    D:10: 1259 daAuts
     D:4: 1113 daAuts
     D:2: 1108 daAuts
     D:3: 847 daAuts
     D:8: 843 daAuts
  Bailey: 771 daAuts
     D:1: 674 daAuts
    D:11: 368 daAuts
   Orc:1: 30 daAuts
  Temple: 1 daAuts
